 Dungeon Crawl Stone Soup version 0.23.0-3-gf3c87f2 (webtiles) character file.

Game seed: 15194713027775169164

736 Azzok the Insei (level 7, -8/43 HPs)
             Began as an Octopode Transmuter on Feb 22, 2019.
             Was an Initiate of Cheibriados.
             Killed by nerve-wracking pain
             ... invoked by an orc priest
              (13 damage)
             ... on level 6 of the Dungeon.
             The game lasted 00:07:03 (6730 turns).

Azzok the Insei (Octopode Transmuter)               Turns: 6730, Time: 00:07:03

Health: -8/43      AC:  2    Str: 10    XL:     7   Next: 74%
Magic:  8/11       EV: 20    Int: 19    God:    Cheibriados [......]
Gold:   331        SH:  0    Dex: 18    Spells: 2/12 levels left

rFire    + . .     SeeInvis .     - Unarmed
rCold    . . .     Gourm    .   (shield currently unavailable)
rNeg     . . .     Faith    .   (helmet currently unavailable)
rPois    x         Spirit   .   (no amulet)
rElec    .         Reflect  .   n - ring of flight
rCorr    .         Harm     .   b - ring of protection from fire
MR       .....                  (no ring)
Stlth    ++........             (no ring)
HPRegen  0.14/turn              (no ring)
MPRegen  0.12/turn              (no ring)
                                (no ring)
                                (no ring)

@: spider-form, very slow
A: tiny, almost no armour, stealthy swim, (amphibious), 8 rings, (constrict 8)
a: End Transformation, Bend Time, Renounce Religion, Evoke Flight


You were on level 6 of the Dungeon.
You worshipped Cheibriados.
Cheibriados was noncommittal.
You were very hungry.
You were a venomous arachnid creature.
You visited 2 branches of the dungeon, and saw 7 of its levels.

You collected 331 gold pieces.

Inventory:

Missiles
 a - 93 arrows
Armour
 p - a +0 buckler
Jewellery
 b - a ring of protection from fire (right front leg)
 n - a ring of flight (left front leg)
Scrolls
 d - 14 scrolls of identify
 g - a scroll of random uselessness {unknown}
 h - a scroll of noise {unknown}
 i - 2 scrolls of magic mapping {unknown}
 k - a scroll of blinking {unknown}
 l - a scroll of enchant weapon {unknown}
 m - a scroll of fear {unknown}
 q - a scroll of enchant armour {unknown}
 s - a scroll of teleportation {unknown}
Potions
 e - 3 potions of curing {unknown}
 f - a potion of might {unknown}
 j - a potion of berserk rage {unknown}
 o - a potion of cancellation {unknown}
Comestibles
 c - 9 rations


   Skills:
 - Level 1.0 Fighting
 - Level 2.0 Dodging
 + Level 6.3 Unarmed Combat
 - Level 3.1 Spellcasting
 + Level 5.8 Transmutations


You had 2 spell levels left.
You knew the following spells:

 Your Spells              Type           Power        Failure   Level  Hunger
a - Spider Form           Tmut/Pois      ##........   32%         3    ###....
b - Beastly Appendage     Tmut           ####..       6%          1    None
c - Ice Form              Ice/Tmut       ##......     63%         4    ####...
d - Sticks to Snakes      Tmut           ####....     8%          2    ##.....

Your spell library contained the following spells:

 Spells                   Type           Power        Failure   Level  Hunger
 Blade Hands              Tmut           ####......   58%         5    ######.


Dungeon Overview and Level Annotations

Branches:
Dungeon (6/15)             Temple (1/1) D:4

Altars:
Ashenzari
Cheibriados
Dithmenos
Elyvilon
Fedhas
Gozag
Hepliaklqana
Kikubaaqudgha
Makhleb
Nemelex Xobeh
Okawaru
Qazlal
Sif Muna
Trog
Wu Jian
Xom
Yredelemnul
Zin


Innate Abilities, Weirdness & Mutations

You cannot wear most types of armour.
You are very stealthy in the water. (Stealth+)
((You are amphibious.))
You can wear up to eight rings at the same time.
((You can use your tentacles to constrict eight enemies at once.))
((Your skin changes colour to match your surroundings (Stealth+).))
((Your rubbery body absorbs attacks. (AC +1, EV +1)))


Message History

The orc priest calls down the wrath of Beogh upon you.
Beogh smites you!
The orc priest mumbles some strange prayers to Beogh against you.
Beogh smites you!
* * * LOW HITPOINT WARNING * * *
The orc priest hits you but does no damage.
You hit the orc priest but do no damage.
The orc priest is poisoned.
The orc priest calls down the wrath of Beogh upon you.
Beogh smites you!
* * * LOW HITPOINT WARNING * * *
You bite the orc priest!
The orc priest looks as sick as possible!
The orc priest is severely wounded.
The orc priest completely misses you.
You hit the orc priest.
The orc priest is almost dead.
The orc priest invokes the aid of Beogh against you.
Pain shoots through your body!
You die...

▒··▒ ▒··▒
·▒▒▒▒▒··▒
·>···▒··▒
······▒
····▒ ▒··▒
▒o▒▒▒▒▒
▒·s···▒▒▒
▒·······▒▒
▒
▒▒·······▒▒
▒▒
▒<·······▒
▒▒·
▒········▒
▒··
▒▒·······▒
▒▒··
▒▒·······▒▒
▒···
▒▒·······▒▒
▒··· ▒▒▒
▒▒···▒▒···▒
▒···


You could see an orc priest.

Vanquished Creatures
  An ice beast (D:6)
  A sky beast (D:6)
  An ogre (D:5)
  A centaur (D:6)
  A scorpion (D:5)
  A jelly (D:5)
  An orc priest (D:3)
  A hound (D:6)
  3 worker ants
  8 adders
  2 shadow imps
  An ooze (D:6)
  An adder zombie (D:5)
  A worm (D:4)
  4 leopard geckos
  5 orcs
  6 giant cockroaches
  4 goblins
  3 hobgoblins
  5 jackals
  2 quokkas
  5 bats
  5 frilled lizards
  8 kobolds
  2 quokka skeletons (D:5)
  5 rats
78 creatures vanquished.

Notes
Turn   | Place    | Note
-------+----------+-------------------------------------------
     0 | D:1      | Azzok the Octopode Transmuter began the quest for the Orb.
     0 | D:1      | Reached XP level 1. HP: 13/13 MP: 3/3
     3 | D:1      | Noticed an electric eel
     3 | D:1      | Noticed an electric eel
   394 | D:1      | Reached XP level 2. HP: 13/18 MP: 3/5
  1222 | D:2      | Reached XP level 3. HP: 19/23 MP: 4/6
  1227 | D:2      | Learned a level 3 spell: Spider Form
  1921 | D:2      | Reached skill level 4 in Unarmed Combat
  1921 | D:2      | Reached XP level 4. HP: 21/28 MP: 7/7
  2829 | D:3      | Reached XP level 5. HP: 33/33 MP: 4/8
  3282 | D:4      | Found a staircase to the Ecumenical Temple.
  3335 | Temple   | Entered the Ecumenical Temple
  3466 | Temple   | Became a worshipper of Cheibriados the Contemplative
  3677 | D:4      | Learned a level 4 spell: Ice Form
  3718 | D:4      | Found a basalt altar of Yredelemnul.
  3719 | D:4      | Found an iron altar of Okawaru.
  4153 | D:5      | Entered Level 5 of the Dungeon
  4275 | D:5      | Reached XP level 6. HP: 29/38 MP: 6/9
  4713 | D:5      | Reached skill level 5 in Unarmed Combat
  5681 | D:5      | Learned a level 2 spell: Sticks to Snakes
  5974 | D:6      | Reached skill level 5 in Transmutations
  5974 | D:6      | Reached XP level 7. HP: 23/43 MP: 8/11
  6422 | D:6      | Reached skill level 6 in Unarmed Combat
  6730 | D:6      | Killed from afar by an orc priest

Skill      XL: |  1  2  3  4  5  6  7 |
---------------+----------------------+-----
Transmutations | 3 4 5 |  5.8
Unarmed Combat | 4 5 6 |  6.3
Spellcasting   | 3 |  3.1
Fighting       | |  1.0
Dodging        | |  2.0

Action                   |  1- 3 |  4- 6 |  7- 9 || total
-------------------------+-------+-------+-------++-------
Melee: Unarmed           |    73 |   133 |    37 ||   243
       Constrict         |    17 |    14 |       ||    31
       Kick              |     7 |       |       ||     7
       Punch             |     2 |     1 |       ||     3
       Tentacles         |     4 |     5 |       ||     9
 Cast: Beastly Appendage |     7 |       |       ||     7
       Spider Form       |     3 |    21 |     6 ||    30
  Use: Potion            |       |     2 |       ||     2
       Scroll            |       |       |     1 ||     1
 Stab: Sleeping          |     4 |     5 |       ||     9
  Eat: Chunk             |     4 |    10 |     1 ||    15
       Ration            |       |     2 |       ||     2
Armor: Skin              |     7 |    11 |     3 ||    21
Dodge: Dodged            |    47 |    89 |    24 ||   160
